Map: Acropolis LE

Players

Scarlett - Winner!

  • Race: Zerg Zerg
  • Spawn Location: 11:00

BackupI

  • Race: Terran Terran
  • Spawn Location: 5:00

VOD

Have the link to the VOD?

Description

Time

  • Played on: Sept. 6, 2019, 7:46 p.m.
  • Length: 11:38
Show
View Real Time Build Order
Export as new Build Order

Scarlett Zerg - Winner!

Build Orders: Hatch First, Muta Ling Bane, Ravager All-In 

Get SALT Encoding   

  12  0:00  Drone  
  13  0:12  Overlord  
  13  0:19  Drone  
  14  0:31  Drone x2  
  16  0:48  Hatchery  
  15  0:51  Drone  
  15  0:55  Drone  
  17  0:59  Drone  
  18  1:09  Extractor  
  17  1:14  Spawning Pool  
  17  1:17  Drone  
  17  1:20  Drone  
  18  1:28  Drone  
  19  1:39  Drone  
  20  1:51  Extractor, Drone  
  20  2:01  Roach Warren, Queen x2  
  19  2:05  Drone  
  24  2:10  Drone  
  25  2:21  Overlord  
  25  2:22  Zergling x2  
  26  2:33  Drone  
  27  2:43  Roach x3  
  33  2:44  Overlord  
  33  2:55  Roach  
  34  3:04  Ravager x3  
  37  3:07  Drone  
  37  3:08  Overlord  
  38  3:28  Hatchery  
  38  3:31  Ravager  
  38  3:34  Roach  
  37  3:50  Drone x5  
  42  3:58  Overlord  
  42  4:02  Ravager  
  43  4:05  Lair  
  43  4:11  Drone x2  
  45  4:18  Overlord  
  45  4:25  Drone x2  
  41  4:43  Drone x2  
  41  4:44  Queen  
  45  4:47  Drone x3  
  48  4:55  Metabolic Boost  
  48  4:56  Drone  
  48  4:57  Drone  
  50  5:06  Spire  
  49  5:08  Overseer, Extractor  
  49  5:10  Extractor  
  49  5:12  Drone x2  
  49  5:18  Drone x3  
  52  5:22  Drone x2  
  54  5:29  Drone x3  
  54  5:32  Overlord  
  54  5:34  Drone  
  54  5:35  Spore Crawler  
  57  5:41  Overlord  
  57  5:43  Overlord  
  57  5:45  Drone  
  58  5:56  Hatchery  
  57  5:59  Zergling x2  
  57  6:02  Zergling x6  
  61  6:19  Mutalisk x5  
  71  6:27  Mutalisk x2  
  75  6:37  Spore Crawler  
  74  6:43  Queen  
  74  6:45  Mutalisk  
  74  6:46  Mutalisk, Zerg Flyer Weapons Level 1  
  80  6:48  Drone x4  
  80  6:54  Drone  
  85  6:57  Baneling Nest  
  85  6:58  Evolution Chamber  
  85  7:00  Drone  
  85  7:01  Evolution Chamber  
  83  7:03  Drone  
  83  7:04  Drone  
  85  7:08  Drone x3  
  88  7:16  Drone x4  
  88  7:23  Drone x4  
  90  7:33  Zerg Ground Armor Level 1  
  90  7:34  Zerg Melee Weapons Level 1  
  90  7:36  Drone x4  
  94  7:42  Overlord  
  94  7:44  Centrifical Hooks  
  94  7:50  Pneumatized Carapace  
  94  7:52  Drone x4  
  94  7:53  Overlord  
  98  8:01  Drone  
  98  8:02  Extractor x2, Drone x4  
  101  8:07  Zergling x10  
  101  8:10  Overlord  
  101  8:12  Overlord  
  106  8:20  Hatchery  
  106  8:22  Overlord  
  106  8:25  Drone  
  106  8:35  Mutalisk x6  
  106  8:38  Overlord  
  118  8:44  Drone  
  118  8:45  Infestation Pit, Zergling x8  
  120  8:55  Zerg Flyer Armor Level 1  
  120  8:56  Hatchery  
  120  9:02  Zergling x10  
  124  9:04  Overlord  
  122  9:13  Drone x8  
  130  9:18  Extractor  
  130  9:20  Extractor  
  130  9:21  Hive  
  130  9:22  Mutalisk  
  130  9:29  Zergling x10  
  130  9:31  Baneling x4  
  135  9:33  Baneling x2  
  135  9:34  Baneling x2  
  135  9:35  Baneling  
  135  9:36  Baneling x2  
  135  9:37  Baneling  
  135  9:38  Baneling x3  
  135  9:40  Baneling x4  
  135  9:46  Zergling x10  
  135  9:49  Baneling x5  
  135  9:52  Baneling x2  
  140  9:56  Zergling x18  
  149  10:05  Drone  
  149  10:06  Drone x7  
  153  10:09  Overlord x2  
  153  10:19  Zergling x2  
  153  10:20  Zergling x4  
  156  10:23  Drone  
  156  10:24  Drone x2  
  156  10:25  Drone  
  160  10:33  Hatchery  
  158  10:49  Zergling x26  
  156  10:57  Baneling x6  
  156  10:58  Zergling x10, Baneling x4  
  150  11:13  Zergling x16  
  150  11:15  Baneling x10  
  155  11:20  Zergling x4  
Show
View Real Time Build Order
Export as new Build Order

BackupI Terran 

Build Orders:  

Get SALT Encoding   

  12  0:04  SCV  
  13  0:16  SCV  
  13  0:19  Supply Depot  
  14  0:28  SCV  
  15  0:41  Barracks  
  15  0:52  Barracks  
  15  0:55  SCV  
  16  1:07  SCV  
  16  1:08  Refinery  
  17  1:19  SCV  
  18  1:29  Marine  
  18  1:32  Orbital Command  
  19  1:39  Marine  
  20  1:46  Marine, Bunker  
  21  1:54  Supply Depot  
  21  1:56  Bunker  
  21  2:00  Marine  
  23  2:11  Marine  
  23  2:15  Bunker  
  23  2:20  Marine  
  24  2:30  Factory  
  24  2:31  SCV  
  24  2:35  Marine  
  26  2:42  Refinery  
  26  2:43  Marine  
  27  2:53  Marine, SCV  
  29  2:58  Supply Depot  
  29  3:05  SCV  
  30  3:14  Starport  
  30  3:15  Factory Tech Lab  
  30  3:17  SCV  
  27  3:30  SCV  
  26  3:44  SCV  
  26  3:45  Cyclone  
  29  3:52  Starport Tech Lab  
  29  3:56  SCV  
  30  4:10  SCV  
  30  4:11  Cloaking Field, Banshee  
  30  4:15  Barracks Reactor  
  34  4:22  SCV  
  34  4:34  SCV  
  34  4:36  Siege Tank  
  32  4:48  SCV  
  32  4:55  Banshee  
  35  5:00  Command Center  
  35  5:02  SCV  
  36  5:10  Supply Depot  
  36  5:14  SCV  
  37  5:23  Command Center  
  37  5:26  SCV  
  38  5:30  Stimpack  
  38  5:34  Marine x2  
  40  5:37  Marine  
  41  5:43  SCV  
  41  5:44  Starport Reactor  
  42  5:51  Barracks  
  42  5:55  SCV, Factory Reactor  
  43  6:02  Marine  
  43  6:03  Marine x2  
  46  6:07  SCV  
  47  6:14  Orbital Command  
  47  6:19  SCV  
  47  6:21  Engineering Bay  
  47  6:23  Marine  
  47  6:24  Marine  
  47  6:25  Marine  
  50  6:31  SCV  
  52  6:37  Orbital Command  
  52  6:39  SCV  
  53  6:43  SCV  
  53  6:44  Marine  
  53  6:45  Marine  
  53  6:46  Marine  
  57  6:49  Terran Infantry Weapons Level 1  
  57  6:51  SCV  
  57  6:53  Medivac  
  60  6:55  Medivac  
  60  6:56  SCV  
  60  6:59  Marine x2  
  65  7:02  Marine  
  65  7:03  Marine  
  65  7:04  SCV  
  68  7:11  SCV, Missile Turret  
  68  7:13  Supply Depot  
  66  7:16  SCV  
  66  7:21  Marine x2, Orbital Command  
  66  7:23  SCV  
  66  7:25  Marine  
  66  7:27  Marine  
  66  7:28  SCV  
  64  7:31  Marine  
  64  7:32  Siege Tank  
  64  7:35  SCV  
  66  7:40  SCV, Combat Shield  
  66  7:43  Marine  
  66  7:44  Medivac  
  70  7:48  SCV x2  
  70  7:50  Medivac, Missile Turret x2  
  74  7:51  Marine x2  
  74  7:52  Marine  
  74  7:53  SCV  
  78  7:58  Refinery  
  78  8:01  SCV x2, Refinery  
  78  8:05  SCV  
  80  8:13  SCV x2  
  80  8:15  Marine x3  
  85  8:20  Barracks  
  85  8:22  Barracks  
  85  8:25  Supply Depot  
  85  8:26  SCV x3  
  88  8:31  Siege Tank  
  91  8:35  Marine x2  
  93  8:46  Marine x2, SCV x2, Medivac x2  
  93  8:47  Supply Depot  
  101  8:53  Missile Turret  
  101  8:55  Terran Infantry Armor Level 1  
  101  8:56  Supply Depot  
  101  9:02  Supply Depot  
  101  9:07  SCV  
  101  9:08  Marine  
  101  9:09  Siege Tank, SCV x2  
  104  9:19  SCV, Medivac x2  
  104  9:21  SCV x2  
  111  9:25  Supply Depot, Barracks Reactor  
  111  9:27  Barracks Reactor  
  111  9:30  Marine x2  
  111  9:31  Marine x2, SCV, Supply Depot  
  113  9:33  SCV x2  
  113  9:35  Marine  
  119  9:42  Siege Tank  
  120  9:48  Marine x2  
  120  9:49  SCV  
  120  9:50  SCV x2  
  120  9:51  Refinery  
  124  9:52  Marine  
  124  9:53  Refinery  
  124  9:57  Marine  
  126  10:01  SCV  
  126  10:02  SCV x2  
  129  10:10  Engineering Bay  
  129  10:11  Armory  
  129  10:12  Marine x5  
  129  10:13  SCV  
  134  10:14  SCV  
  134  10:15  SCV  
  134  10:18  Marine  
  135  10:23  Siege Tank  
  135  10:25  Marine, SCV  
  141  10:31  Marine  
  141  10:35  Supply Depot  
  141  10:36  Supply Depot x2  
  141  10:38  Supply Depot  
  129  10:52  Medivac x2  
  129  10:55  Marine, Siege Tank  
  129  10:56  Marine x7  
  143  11:03  Marine  
  133  11:13  Marine  
  133  11:14  Marine x4  
  133  11:17  Marine, Sensor Tower  
  133  11:18  Barracks  
  134  11:19  Barracks  
Tags
 
Composition
Muta Ling Bane
Matchup
TvZ
Player
Scarlett
Spawn Locations
Cross Positions
Add a new tag
Caveats
  • Supply blocks, unpowered buildings, or Contaminate may cause inaccurate times.
  • Supply counts are checked every 10 seconds.